 Dungeon Sprint DCSS version 0.18-a0-1229-ge9a1a01 (webtiles) character file.

75 Kidiri the Conjurer (level 4, -12/24 HPs)
             Began as a Deep Elf Conjurer on Feb 5, 2016.
             Mangled by a water elemental (18 damage)
             ... in the Dungeon (Sprint III: "The Ten Rune Challenge").
             The game lasted 00:05:12 (526 turns).

Kidiri the Conjurer (Deep Elf Conjurer)              Turns: 526, Time: 00:05:14

Health: -12/24     AC:  5    Str:  5    XL:     4   Next: 11%
Magic:  14/14      EV: 15    Int: 21    God:
Gold:   21         SH:  0    Dex: 15    Spells: 5 memorised, 1 level left

rFire  . . .     SeeInvis .     n - +3 quarterstaff (chaos)
rCold  . . .     Gourm    .     a - +0 robe
rNeg   . . .     Faith    .     (shield currently unavailable)
rPois  .         Spirit   .     (no helmet)
rElec  .         Dismiss  .     o - +2 cloak
rCorr  .         Reflect  .     (no gloves)
SustAt .         Harm     .     (no boots)
MR     .....     NoTele   +     (no amulet)
Stlth  +++.......               (no ring)
                                (no ring)

@: engulfed (cannot breathe), not resistant to hostile enchantments, fairly
stealthy
A: no striking features
a: no special abilities


You were in the Dungeon.
You were not hungry.

You visited 1 branch You collected 21 gold pieces.

Inventory:

Hand Weapons
 l - a +0 dagger
 n - a +3 quarterstaff of chaos (weapon)
Armour
 a - a +0 robe (worn)
 o - a +2 cloak (worn)
Scrolls
 i - a scroll of blinking
 p - a scroll of holy word
 r - 3 scrolls of remove curse
 v - a scroll of immolation
Potions
 d - a potion of curing
 e - a potion of heal wounds
 f - a potion of haste
 g - 2 potions of magic
 h - a potion of berserk rage
 u - 3 potions of flight
Books
 b - a book of Conjurations

   Spells                             Type                      Level
   a - Magic Dart                     Conjuration                  1
   b - Searing Ray                    Conjuration                  2
   c - Dazzling Spray                 Conjuration/Hexes            3
   d - Fulminant Prism                Conjuration/Hexes            4
   e - Iskenderun's Mystic Blast      Conjuration                  4
   f - Iskenderun's Battlesphere      Conjuration/Charms           5
Comestibles
 c - 2 bread rations
 j - a chunk of flesh
 k - a beef jerky
 s - a meat ration


   Skills:
 + Level 0.0 Staves
 + Level 1.9 Armour
 * Level 5.3 Dodging
 + Level 4.2 Stealth
 * Level 6.0 Spellcasting
 * Level 6.1 Conjurations
 + Level 1.5 Hexes


You had one spell level left.
You knew the following spells:

 Your Spells              Type           Power        Failure   Level  Hunger
a - Magic Dart            Conj           ####         1%          1    None
b - Searing Ray           Conj           ####..       1%          2    None
c - Dazzling Spray        Conj/Hex       ###.....     10%         3    ##.....
d - Iskenderun's Mystic   Conj           ####....     10%         4    ####...
e - Fulminant Prism       Conj/Hex       ###.......   24%         4    ####...


Dungeon Overview and Level Annotations

Branches:
Dungeon (1/1)

Altars:


Message History

Magic restored.
As you open the door, it creaks loudly!
A water elemental comes into view.
The water elemental closely misses you.
There is an open door to the Ecumenical Temple here.
You sock the water elemental! You burn the water elemental.
The water elemental is moderately damaged.
The water elemental closely misses you. The water elemental hits you!
The water elemental engulfs you in water!
Unknown command.
With effort, you pull free of the water engulfing you.
You gasp with relief as air once again reaches your lungs.
You barely miss the water elemental.
The water elemental is moderately damaged.
The water elemental hits you!
* * * LOW HITPOINT WARNING * * *
The water elemental engulfs you in water!
The water elemental hits you!!
Ouch! That really hurt!
You die...

▓.....#....≈♣♣♣♣..###+#+##
▓.....#...≈≈♣♣.♣♣.#.......
▓.....#..≈≈≈≈...♣.'.⌠.....
▓####'#..≈≈≈≈≈≈...#...####
▓..[..#.≈≈≈≈≈≈....#.⌠.#
▓.....#.≈≈≈≈≈.....#...#
▓.....#.≈≈≈.......#+###
▓'#####...........#
▓..........@E.....#
▓▓▓▓▓▓▓▓▓▓▓▓▓▓▓▓▓▓▓


You could see a water elemental.

Vanquished Creatures
  Crazy Yiuf (D)
  Jessica (D)
  A human (D)
  3 rats (D)
6 creatures vanquished.

Vanquished Creatures (others)
  2 draconian scorchers (D)
  2 yaktaurs (D)
4 creatures vanquished.

Grand Total: 10 creatures vanquished

Notes
Turn   | Place    | Note
--------------------------------------------------------------
     0 | D        | Kidiri the Deep Elf Conjurer began the quest for the Orb.
     0 | D        | Reached XP level 1. HP: 10/10 MP: 6/6
    86 | D        | Killed a yaktaur
   111 | D        | Noticed Jessica
   113 | D        | Killed Jessica
   113 | D        | Reached skill level 1 in Armour
   113 | D        | Reached skill level 5 in Conjurations
   113 | D        | Reached XP level 2. HP: 15/15 MP: 5/9
   117 | D        | Learned a level 2 spell: Searing Ray
   199 | D        | Killed a white draconian scorcher
   219 | D        | Reached skill level 5 in Spellcasting
   219 | D        | Reached XP level 3. HP: 10/19 MP: 0/11
   224 | D        | Learned a level 3 spell: Dazzling Spray
   226 | D        | Killed a white draconian scorcher
   259 | D        | Killed a yaktaur
   363 | D        | Noticed Crazy Yiuf
   369 | D        | Killed Crazy Yiuf
   369 | D        | Reached skill level 5 in Dodging
   369 | D        | Reached skill level 6 in Spellcasting
   369 | D        | Reached skill level 1 in Hexes
   369 | D        | Reached XP level 4. HP: 24/24 MP: 0/14
   391 | D        | Learned a level 4 spell: Iskenderun's Mystic Blast
   396 | D        | Learned a level 4 spell: Fulminant Prism
   499 | D        | Gained mutation: Your magical capacity is low (-10% MP). [potion of mutation]
   499 | D        | Gained mutation: You are dopey. (Int -2) [potion of mutation]
   499 | D        | Gained mutation: You are surrounded by a mild repulsion field (EV +2). [potion of mutation]
   500 | D        | Lost mutation: Your magical capacity is low (-10% MP). [potion of cure mutation]
   500 | D        | Lost mutation: You are surrounded by a mild repulsion field (EV +2). [potion of cure mutation]
   500 | D        | Lost mutation: You are dopey. (Int -2) [potion of cure mutation]
   501 | D        | Gained mutation: Scrolls take you a little longer to read. [potion of mutation]
   501 | D        | Gained mutation: You are partially covered in molten scales (AC +1). [potion of mutation]
   501 | D        | Gained mutation: Your magical capacity is low (-10% MP). [potion of mutation]
   502 | D        | Lost mutation: Your magical capacity is low (-10% MP). [potion of cure mutation]
   502 | D        | Lost mutation: Scrolls take you a little longer to read. [potion of cure mutation]
   502 | D        | Lost mutation: You are partially covered in molten scales (AC +1). [potion of cure mutation]
   517 | D        | Noticed a water elemental
   526 | D        | Mangled by a water elemental

Vault maps used:
D:        dungeon_sprint_mu

Action                   |  1- 3 |  4- 6 || total
-------------------------+-------+-------++-------
Melee: Dagger            |     1 |       ||     1
       Quarterstaff      |       |     2 ||     2
 Cast: Magic Dart        |    13 |       ||    13
       Searing Ray       |     1 |       ||     1
       Dazzling Spray    |     3 |       ||     3
  Use: Scroll            |       |     6 ||     6
       Potion            |       |     4 ||     4
 Stab: Invisible         |     1 |       ||     1
